 Dungeon Crawl Stone Soup version 0.21-a0-125-gb006224 (webtiles) character file.

182 namelastname112 the Conjurer (level 5, -1/38 HPs)
             Began as a Draconian Conjurer on July 15, 2017.
             Slain by a river rat (6 damage)
             ... in a sewer.
             The game lasted 00:03:23 (1876 turns).

namelastname112 the Conjurer (Draconian Conjurer)   Turns: 1876, Time: 00:03:24

Health: -1/38      AC:  5    Str: 15    XL:     5   Next: 34%
Magic:  2/10       EV: 12    Int: 18    God:
Gold:   181        SH:  0    Dex: 12    Spells: 8/11 levels left

rFire    . . .     SeeInvis .   l - +2 dagger (venom)
rCold    . . .     Gourm    .   (no shield)
rNeg     . . .     Faith    .   (armour unavailable)
rPois    .         Spirit   .   (helmet restricted)
rElec    .         Reflect  .   (no cloak)
rCorr    .         Harm     .   (no gloves)
MR       .....                  (no boots)
Stlth    ++........             (no amulet)
HPRegen  0.12/turn              n - +2 ring of intelligence
MPRegen  0.12/turn              (no ring)

@: mighty
A: unfitting armour, cold-blooded, AC +5
a: no special abilities


You were in a sewer.
You were hungry.

You visited 1 branch of the dungeon, and saw 3 of its levels.
You also visited: Sewer.

You collected 181 gold pieces.

Inventory:

Hand Weapons
 l - a +2 dagger of venom (weapon)
Jewellery
 n - a +2 ring of intelligence (left hand)
Wands
 f - a wand of polymorph (8/24)
Scrolls
 c - a scroll of teleportation {unknown}
 d - 2 scrolls of random uselessness {unknown}
 j - 2 scrolls of enchant armour {unknown}
 o - a scroll of immolation {unknown}
 q - a scroll of identify {unknown}
 r - a scroll of fog {unknown}
Potions
 g - a potion of mutation {unknown}
 h - a potion of flight {unknown}
 k - a potion of agility {unknown}
Books
 a - a book of Conjurations

   Spells                             Type                      Level
   a - Magic Dart                     Conjuration                  1
   b - Searing Ray                    Conjuration                  2
   c - Dazzling Spray                 Conjuration/Hexes            3
   d - Fulminant Prism                Conjuration/Hexes            4
   e - Force Lance                    Conjuration/Translocation    4
   f - Iskenderun's Mystic Blast      Conjuration                  4
Comestibles
 b - 4 bread rations
 i - 2 royal jellies
 m - 3 meat rations
 p - 3 fruits
 s - 4 chunks of flesh


   Skills:
 - Level 1.7 Dodging
 - Level 1.7 Stealth
 + Level 3.8 Spellcasting
 + Level 5.5 Conjurations


You had 8 spell levels left.
You knew the following spells:

 Your Spells              Type           Power        Failure   Level  Hunger
x - Searing Ray           Conj           ###...       2%          2    ##.....
z - Magic Dart            Conj           ###.         1%          1    None


Dungeon Overview and Level Annotations

Branches:
Dungeon (3/15)

Altars:
Ashenzari


Innate Abilities, Weirdness & Mutations

Your plain brown scales are hard. (AC +5)
You cannot fit into any form of body armour.
You are cold-blooded and may be slowed by cold attacks.


Message History

The river rat is heavily wounded.
You finish channeling your searing ray.
You now have 5/10 mp.
You puncture the river rat!
You kill the river rat!
Casting: Searing Ray
Confirm with . or Enter, or press ? or * to list all spells.
Aiming: Searing Ray
Press: ? - help, Shift-Dir - straight line, f - river rat
Aim: a river rat The searing ray hits the river rat.
The river rat is lightly wounded. (Press . to maintain the ray.)
The river rat bites you.
* * * LOW HITPOINT WARNING * * *
You take 2 damage, and have 5/38 hp.
You now have 3/10 mp.
The searing ray hits the river rat.
The river rat is moderately wounded.
The river rat bites you.
You die... ############### ≈......∩.∩.r@.# ###############

You could see a river rat.

Vanquished Creatures
  Jessica (D:2)
  Robin (D:2)
  3 gnolls (D:3)
  An adder (D:2)
  4 river rats (Sewer)
  3 dart slugs
  3 leopard geckos
  An orc (D:3)
  2 ball pythons
  5 bats
  3 giant cockroaches
  17 goblins
  6 hobgoblins
  6 frilled lizards (D:1)
  4 kobolds
  3 rats (D:2)
  A toadstool (D:1)
64 creatures vanquished.

Vanquished Creatures (others)
  3 toadstools (D:1)
3 creatures vanquished.

Grand Total: 67 creatures vanquished

Notes
Turn   | Place    | Note
-------+----------+-------------------------------------------
     0 | D:1      | namelastname112 the Draconian Conjurer began the quest for the Orb.
     0 | D:1      | Reached XP level 1. HP: 14/14 MP: 3/3
   288 | D:1      | Reached XP level 2. HP: 20/20 MP: 1/5
   715 | D:2      | Noticed Robin
   727 | D:2      | HP: 1/20 [goblin/dagger[Robin] (6)]
   731 | D:2      | Reached XP level 3. HP: 22/26 MP: 1/6
   790 | D:1      | Learned a level 2 spell: Searing Ray
   808 | D:2      | Killed Robin
   880 | D:2      | Noticed Jessica
   887 | D:2      | Killed Jessica
   887 | D:2      | Reached skill level 5 in Conjurations
   887 | D:2      | Reached XP level 4. HP: 28/33 MP: 0/8
  1594 | D:3      | Found a shattered altar of Ashenzari.
  1770 | D:3      | Reached XP level 5. HP: 38/38 MP: 3/10
  1840 | D:3      | Found a glowing drain.
  1846 | D:3      | Noticed a phantom
  1854 | Sewer    | Entered a sewer
  1876 | Sewer    | Slain by a river rat

Vault maps used:
D:1:      ldierk_water_garden, minmay_distorted
D:2:      cheibrodos_greedy_goblins, uniq_jessica, uniq_robin
D:3:      first_bread, cheibrodos_sewer_entry_drain, kennysheep_path_1,
          nicolae_ashenzari_panopticon
Sewer:    sewer_kobolds

Skill      XL: |  1  2  3 |
---------------+----------+-----
Spellcasting   | 3 |  3.8
Conjurations   | 5 |  5.5
Dodging        | |  1.7
Stealth        | |  1.7

Action                   |  1- 3 |  4- 6 || total
-------------------------+-------+-------++-------
Melee: Unarmed           |    15 |       ||    15
       Tailslap          |     4 |     3 ||     7
       Short sword       |    40 |       ||    40
       Dagger            |       |    24 ||    24
 Cast: Magic Dart        |    38 |    45 ||    83
       Searing Ray       |     1 |     2 ||     3
  Use: Potion            |     2 |     1 ||     3
 Stab: Distracted        |       |     1 ||     1
  Eat: Chunk             |       |     3 ||     3
Armor: Skin              |    19 |     6 ||    25
Dodge: Dodged            |    44 |    32 ||    76
